 Dungeon Crawl Stone Soup version 0.26.0-45-g9c1d065592 (webtiles) character file.

Game seed: 13288129909833936092

116862 Marvel the Cloud Mage (level 16, -21/90 HPs)
             Began as a Tengu Air Elementalist on Jan 29, 2021.
             Was a High Priest of Vehumet.
             Demolished by a dire elephant (35 damage)
             ... on level 6 of the Lair of Beasts.
             The game lasted 02:37:30 (35511 turns).

Marvel the Cloud Mage (Tengu Air Elementalist)     Turns: 35511, Time: 02:37:30

Health: -21/90     AC: 11    Str:  8    XL:     16   Next: 72%
Magic:  20/33      EV: 20    Int: 34    God:    Vehumet [*****.]
Gold:   1886       SH:  0    Dex: 18    Spells: 4/40 levels left

rFire    + . .     SeeInvis .   i - +6 dagger (venom)
rCold    . . .     Faith    .   K - +3 buckler {reflect}
rNeg     + + +     Spirit   .   b - +4 troll leather armour {Snorg}
rPois    .         Reflect  +   J - +0 hat of the Desolation of Salt {*Drain rC+ Int+6 Dex+4}
rElec    .         Harm     .   (no cloak)
rCorr    .         Rampage  .   s - +2 pair of gloves
Will     +....                  (boots unavailable)
Stlth    +.........             X - amulet of magic regeneration
HPRegen  0.65/turn              S - ring "Cetuzulaek" {*Corrode rN+++ Str-2 Int+6}
MPRegen  0.48/turn              t - ring of fire

@: confused, flying quickly and evasively, quick
A: beak, talons 3, able to fly
a: Stop Flying, Renounce Religion


You were on level 6 of the Lair of Beasts.
You worshipped Vehumet.
Vehumet was extremely pleased with you.
You visited 3 branches of the dungeon, and saw 22 of its levels.
You also visited: Volcano.

You collected 2665 gold pieces.
You spent 779 gold pieces at shops.

Inventory:

Hand Weapons
 i - a +6 dagger of venom (weapon)
Missiles
 k - 5 silver boomerangs
 w - 5 curare-tipped darts
 F - 73 poisoned darts
 Y - 8 atropa-tipped darts
Armour
 b - a +4 troll leather armour (worn) {Snorg}
 s - a +2 pair of gloves (worn)
 J - the +0 hat of the Desolation of Salt (worn) {*Drain rC+ Int+6 Dex+4}
   (You found it on level 11 of the Dungeon)

   It affects your intelligence (+6).
   It affects your dexterity (+4).
   It protects you from cold.
   It causes draining when unequipped.
 K - a +3 buckler of reflection (worn)
 P - +0 fire dragon scales
Jewellery
 c - an uncursed ring of wizardry
 f - an uncursed ring of stealth
 t - a ring of fire (right hand)
 I - an uncursed ring of willpower
 M - an uncursed amulet of regeneration
 R - an uncursed ring of resist corrosion
 S - the ring "Cetuzulaek" (left hand) {*Corrode rN+++ Str-2 Int+6}
   (You found it on level 11 of the Dungeon)

   [ring of intelligence]

   It affects your strength (-2).
   It affects your intelligence (+6).
   It renders you almost immune to negative energy.
   It may corrode you when you take damage.
 X - an amulet of magic regeneration (around neck)
Wands
 j - a wand of enslavement (29)
 v - a wand of disintegration (24)
 A - a wand of paralysis (38)
 D - a wand of acid (29)
 E - a wand of random effects (48)
 O - a wand of digging (6)
Scrolls
 e - 7 scrolls of teleportation
 g - a scroll of summoning
 l - 4 scrolls of amnesia
 n - 3 scrolls of fog
 x - 8 scrolls of identify
 y - 2 scrolls of fear
 B - 6 scrolls of magic mapping
 C - 3 scrolls of remove curse
 L - 2 scrolls of enchant weapon
 V - 10 scrolls of enchant armour
 W - a scroll of blinking
Potions
 a - 3 potions of resistance
 d - 9 potions of brilliance
 h - 10 potions of curing
 m - 4 potions of cancellation
 o - 2 potions of might
 p - 2 potions of magic
 q - 6 potions of berserk rage
 u - 2 potions of mutation
 z - a potion of heal wounds
 G - a potion of invisibility
 H - 4 potions of ambrosia
 N - a potion of lignification
Miscellaneous
 U - a phial of floods
 Z - a lightning rod (4/4)


   Skills:
 + Level 6.4 Fighting
 - Level 4.6 Short Blades
 + Level 0.5 Staves
 - Level 7.7 Dodging
 - Level 5.7 Stealth
 - Level 2.4 Shields
 - Level 12.9 Spellcasting
 + Level 13.2 Conjurations
 - Level 0.1 Transmutations
 - Level 2.6 Fire Magic
 + Level 23.7 Air Magic
 - Level 4.0 Poison Magic
 + Level 0.1 Evocations


You had 4 spell levels left.
You knew the following spells:

 Your Spells              Type           Power        Failure   Level
a - Shock                 Conj/Air       100%         0%          1
b - Swiftness             Air            100%         0%          2
c - Airstrike             Air            55%          0%          4
d - Lightning Bolt        Conj/Air       49%          1%          5
e - Mephitic Cloud        Conj/Pois/Air  86%          1%          3
f - Ignite Poison         Fire/Tmut/Pois 54%          1%          3
g - Sticky Flame          Conj/Fire      85%          1%          4
h - Eringya's Noxious Bo  Tmut/Pois      18%          50%         6
i - Freezing Cloud        Conj/Ice/Air   41%          1%          6
j - Blink                 Tloc           N/A          5%          2

Your spell library contained the following spells:

 Spells                   Type           Power        Failure   Level
 Irradiate                Conj/Tmut      30%          1%          5
 Magic Dart               Conj           100%         0%          1
 Static Discharge         Conj/Air       99%          0%          3
 Foxfire                  Conj/Fire      100%         1%          1
 Conjure Flame            Conj/Fire      85%          1%          3
 Inner Flame              Hex/Fire       46%          1%          3
 Animate Skeleton         Necr           42%          3%          1
 Apportation              Tloc           42%          3%          1
 Beastly Appendage        Tmut           44%          3%          1
 Pain                     Necr           84%          3%          1
 Wereblood                Tmut           22%          4%          2
 Spider Form              Tmut/Pois      18%          4%          3
 Call Imp                 Summ           21%          5%          2
 Slow                     Hex            21%          5%          2
 Lesser Beckoning         Tloc           10%          11%         3
 Tukima's Dance           Hex            21%          11%         3
 Vampiric Draining        Necr           10%          11%         3
 Animate Dead             Necr           10%          34%         4
 Ice Form                 Ice/Tmut       22%          34%         4
 Fireball                 Conj/Fire      42%          1%          5
 Alistair's Intoxication  Tmut/Pois      24%          38%         5
 Blade Hands              Tmut           11%          67%         5
 Agony                    Necr           21%          69%         5
 Invisibility             Hex            21%          99%         6


Dungeon Overview and Level Annotations

Branches:
Dungeon (15/15)            Temple (1/1) D:6            Lair (6/6) D:9
 Shoals (0/4) Lair:2        Snake (0/4) Lair:4        Slime (0/5) Lair:6
    Orc (0/2) D:10         Vaults (0/5) D:13         Depths (0/5) D:15
Volcano (visited)

Altars:
Ashenzari
Cheibriados
Dithmenos
Elyvilon
Fedhas
Gozag
Hepliaklqana
Kikubaaqudgha
Makhleb
Nemelex Xobeh
Okawaru
Qazlal
Ru
Sif Muna
Trog
Uskayaw
Vehumet
Wu Jian
Xom
Yredelemnul
Zin
The Shining One
Jiyva

Shops:
D:7 ?   D:9 [!(}[   D:12 *   D:14 *   D:15 (

Annotations:
D:3 3 runed translucent doors, Banto's ghost, novice FoAK; Plopball's ghost, amateur KoHu; VeinyPole's ghost, amateur DsGl
D:12 Gastronok
D:13 2 runed translucent doors, Kejsarherre's ghost, journeyman HOMo
D:14 Louise


Innate Abilities, Weirdness & Mutations

You have a beak for a mouth.
You have claws for feet.
You can fly continuously.


Message History

Confirm with . or Enter, or press ? or * to list all spells.
Aiming: Lightning Bolt (safe; 1% risk of failure)
Press: ? - help, Shift-Dir - straight line, f - dire elephant
Aim: a dire elephant (noxious fumes, heavily wounded, 0% to evade)
You hear a mighty clap of thunder!
The bolt of lightning hits the dire elephant.
The dire elephant is heavily wounded.
The dire elephant is engulfed in noxious fumes.
You block the dire elephant's attack. The dire elephant trunk-slaps you.
* * * LOW HITPOINT WARNING * * *
Casting: Lightning Bolt (safe; 1% risk of failure)
Confirm with . or Enter, or press ? or * to list all spells.
You blink.
You are engulfed in noxious fumes.
You choke on the stench!
You are confused.
You're too confused to cast spells.
You are engulfed in noxious fumes.
* * * LOW HITPOINT WARNING * * *
The dire elephant is engulfed in noxious fumes.
The dire elephant tramples you!!
You die...

##.......###
♣..........#
♣8♣##.#.....#
###'##''#######
#..8#....8##.≈
#...#.....'..≈
#.#.####.8#†≈≈
######'#.Y..####P≈≈
#P@○...####....#≈≈≈
#○§Y...# ####.###≈
#§.P..$##♣♣###...##
########♣....###...
♣#####♣♣.......♣####
##...................
#......##.......#....
##....[####....####..
#.....## #.....# #..


You could see a dire elephant.

Vanquished Creatures
  A fire giant (D:15)
  Nessos (Lair:6)
  4 entropy weavers (Lair:4)
  A red draconian (Volcano)
  Snorg (D:10)
  A fire dragon (D:15)
  7 boulder beetles
  9 hydras
  8 vault guards
  A catoblepas (D:13)
  3 ghost crabs (Lair:4)
  An anaconda (Lair:6)
  An ogre mage (Volcano)
  9 two-headed ogres
  3 tengu warriors
  21 death yaks
  Sonja (Lair:2)
  5 skeletal warriors
  6 fire crabs (Lair:4)
  An unseen horror (D:14)
  2 lindwurms
  A wolf spider zombie (D:14)
  Pikel (D:3)
  15 ugly things
  2 manticores
  2 oklob plants (Lair:6)
  A deep elf mage (D:13)
  6 cyclopes
  4 black mambas
  2 centaur zombies (D:15)
  19 elephants
  An apocalypse crab (Lair:4)
  2 gargoyles (D:13)
  16 cane toads
  6 centaur skeletons
  9 komodo dragons
  Maggie (Lair:1)
  A rime drake (Lair:3)
  A yaktaur (D:14)
  A redback zombie (D:15)
  A troll (shapeshifter) (D:15)
  A tengu conjurer (D:15)
  A queen bee (Lair:5)
  2 jumping spiders (D:11)
  6 meliai
  13 trolls
  Grinder (D:3)
  2 polar bears
  Prince Ribbit (Lair:2)
  2 hornets
  6 slime creatures (D:15)
  20 blink frogs
  9 dream sheep
  A shadow (D:11)
  2 vampires
  6 spriggans (Lair:1)
  2 wyverns
  9 basilisks
  A wraith (D:11)
  35 yaks
  A steam dragon (Lair:5)
  Edmund (D:4)
  3 nagas (Lair:4)
  An acid dragon (D:15)
  A swamp drake (D:10)
  11 orc warriors
  15 water moccasins
  5 ice beasts
  4 black bears
  4 sky beasts
  5 ogres
  3 phantoms
  3 eyes of draining
  2 centaurs
  5 necrophages
  12 wolves
  A lemure (D:4)
  25 bullfrogs
  8 scorpions
  A wyvern skeleton (D:10)
  18 wights
  33 killer bees
  5 howler monkeys
  2 lava snakes (D:11)
  10 jellies
  10 hounds
  14 orc priests
  10 orc wizards
  2 bullfrog skeletons
  4 iguanas
  11 worker ants
  A hound skeleton (D:5)
  2 hound zombies
  2 worker ant zombies
  6 gnolls
  10 adders
  A river rat (Lair:5)
  2 shadow imps
  2 white imps (D:8)
  2 ufetubi
  An adder skeleton (D:8)
  2 worms
  2 dart slugs (D:1)
  3 leopard geckos
  57 orcs
  3 giant cockroaches
  4 goblins
  8 hobgoblins
  18 jackals
  6 quokkas
  3 bats
  3 frilled lizards
  6 kobolds
  A leopard gecko zombie (D:6)
  2 quokka zombies
  10 rats
686 creatures vanquished.

Vanquished Creatures (collateral kills)
  An elephant (Lair:5)
  4 yaks (D:11)
5 creatures vanquished.

Vanquished Creatures (others)
  82 fungi
  109 plants
191 creatures vanquished.

Grand Total: 882 creatures vanquished

Notes
Turn   | Place    | Note
-------+----------+-------------------------------------------
     0 | D:1      | Marvel the Tengu Air Elementalist began the quest for the
                  | Orb.
     0 | D:1      | Reached XP level 1. HP: 10/10 MP: 4/4
   236 | D:1      | Reached XP level 2. HP: 15/15 MP: 3/6
   268 | D:1      | Learned a level 2 spell: Swiftness
   616 | D:1      | Reached skill level 5 in Air Magic
   672 | D:1      | Reached XP level 3. HP: 19/19 MP: 3/7
  1290 | D:2      | Found a faded altar of an unknown god.
  1762 | D:3      | Found a bloodstained altar of Trog.
  1822 | D:3      | Reached XP level 4. HP: 24/24 MP: 2/9
  1942 | D:3      | Noticed Grinder
  2200 | D:3      | Found a runed translucent gate.
  2200 | D:3      | Found a runed translucent gate.
  2200 | D:3      | Found a runed translucent gate.
  2200 | D:3      | Noticed VeinyPole's ghost (amateur DsGl)
  2235 | D:3      | Noticed VeinyPole's ghost (amateur DsGl)
  2534 | D:3      | Noticed Banto's ghost (novice FoAK)
  2534 | D:3      | Noticed Plopball's ghost (amateur KoHu)
  2679 | D:4      | Noticed an ogre
  2729 | D:4      | Noticed Pikel
  2729 | D:4      | Noticed a lemure
  2729 | D:4      | Noticed a lemure
  2729 | D:4      | Noticed a lemure
  2729 | D:4      | Noticed a lemure
  2964 | D:4      | Noticed an ogre
  3060 | D:4      | Gained mutation: You can fly continuously. [Tengu growth]
  3060 | D:4      | Reached XP level 5. HP: 28/28 MP: 4/10
  3298 | D:4      | Killed an ogre
  3299 | D:4      | Reached skill level 6 in Air Magic
  3299 | D:4      | Reached XP level 6. HP: 29/32 MP: 2/12
  3691 | D:4      | Reached XP level 7. HP: 31/36 MP: 6/14
  4075 | D:4      | Reached skill level 7 in Air Magic
  4137 | D:4      | Learned a level 4 spell: Airstrike
  4360 | D:4      | Reached skill level 5 in Conjurations
  4579 | D:4      | Noticed Edmund
  4621 | D:5      | Entered Level 5 of the Dungeon
  4642 | D:5      | Reached skill level 8 in Air Magic
  4901 | D:5      | You are sucked into a shaft and drop 1 floor!
  4903 | D:6      | Reached XP level 8. HP: 41/41 MP: 14/16
  4910 | D:6      | Reached skill level 5 in Spellcasting
  5452 | D:6      | Found a staircase to the Ecumenical Temple.
  5471 | Temple   | Entered the Ecumenical Temple
  5536 | Temple   | Became a worshipper of Vehumet
  5878 | D:6      | Reached skill level 9 in Air Magic
  6514 | D:7      | Found Ziamnoos's Magic Scroll Shoppe.
  6522 | D:7      | Bought a scroll of magic mapping for 42 gold pieces
  6522 | D:7      | Bought a scroll of remove curse for 36 gold pieces
  6522 | D:7      | Bought a scroll of identify for 24 gold pieces
  6522 | D:7      | Bought 3 scrolls of identify for 72 gold pieces
  7019 | D:7      | Reached XP level 9. HP: 45/45 MP: 10/19
  7348 | D:5      | Reached skill level 10 in Air Magic
  7702 | D:5      | Found a shimmering altar of Xom.
  8136 | D:4      | Killed Edmund
  8247 | D:3      | Killed Pikel
  8248 | D:3      | Reached skill level 11 in Air Magic
  8639 | D:3      | Killed Grinder
  9570 | D:8      | Noticed a tengu warrior
  9577 | D:8      | Killed a tengu warrior
  9578 | D:8      | Reached skill level 12 in Air Magic
  9578 | D:8      | Reached XP level 10. HP: 50/50 MP: 11/23
  9579 | D:8      | Reached * piety under Vehumet
  9579 | D:8      | Offered knowledge of Freeze by Vehumet.
 10569 | D:8      | Learned a level 5 spell: Lightning Bolt
 10790 | D:9      | Found Himik's Distillery.
 10796 | D:9      | Bought a potion of heal wounds for 70 gold pieces
 10796 | D:9      | Bought a potion of curing for 42 gold pieces
 10796 | D:9      | Bought a potion of degeneration for 14 gold pieces
 10811 | D:9      | Noticed a two-headed ogre
 10816 | D:9      | Killed a two-headed ogre
 10817 | D:9      | Reached skill level 13 in Air Magic
 11082 | D:9      | Found a bloodstained altar of Trog.
 11449 | D:9      | Found a staircase to the Lair.
 11856 | D:9      | Found Tiuh's Antique Armour Boutique.
 11879 | D:9      | Found Ric Zyfe's Antique Weapon Boutique.
 11881 | D:9      | Found Uschabbept's Gadget Boutique.
 11890 | D:9      | Bought a wand of digging (4) for 224 gold pieces
 12127 | D:9      | Reached ** piety under Vehumet
 12128 | D:9      | Reached XP level 11. HP: 54/54 MP: 25/25
 12178 | D:9      | Reached skill level 10 in Spellcasting
 12413 | D:9      | Found Woeppec's Armour Boutique.
 12465 | D:10     | Entered Level 10 of the Dungeon
 12499 | D:10     | Offered knowledge of Sandblast by Vehumet.
 12713 | D:10     | Noticed Snorg
 12735 | D:10     | Reached skill level 14 in Air Magic
 13229 | D:10     | Reached skill level 1 in Shields
 13637 | D:10     | Reached skill level 1 in Fighting
 13765 | D:10     | Offered knowledge of Mephitic Cloud by Vehumet.
 13770 | D:10     | Learned a level 3 spell: Mephitic Cloud
 13865 | D:10     | Found a staircase to the Orcish Mines.
 13880 | D:10     | Reached *** piety under Vehumet
 13887 | D:10     | Reached skill level 1 in Short Blades
 14089 | D:10     | Killed Snorg
 14498 | D:11     | Reached skill level 5 in Dodging
 14719 | D:11     | Reached skill level 1 in Poison Magic
 14935 | D:11     | Offered knowledge of Ignite Poison by Vehumet.
 14940 | D:11     | Learned a level 3 spell: Ignite Poison
 15554 | D:11     | Noticed a two-headed ogre
 15570 | D:11     | Killed a two-headed ogre
 15687 | D:11     | Found a runed translucent door.
 15991 | D:11     | Noticed a boulder beetle
 15999 | D:11     | Reached **** piety under Vehumet
 16000 | D:11     | Reached XP level 12. HP: 66/66 MP: 14/27
 16020 | D:11     | Killed a boulder beetle
 16299 | D:11     | Offered knowledge of Fulminant Prism by Vehumet.
 16305 | D:11     | Learned a level 4 spell: Sticky Flame
 16538 | D:11     | Got a shimmering hat
 16541 | D:11     | Got a glimmering whip
 16547 | D:11     | Identified the +0 hat of the Desolation of Salt {*Drain rC+
                  | Int+6 Dex+4} (You found it on level 11 of the Dungeon)
 16550 | D:11     | Noticed a boulder beetle
 16550 | D:11     | Noticed a boulder beetle
 16551 | D:11     | Noticed a boulder beetle
 16563 | D:11     | Killed a boulder beetle
 16588 | D:11     | Killed a boulder beetle
 16595 | D:11     | Killed a boulder beetle
 16614 | D:11     | Got a flickering turquoise ring
 16637 | D:11     | Identified the ring "Cetuzulaek" {*Corrode rN+++ Str-2
                  | Int+6} (You found it on level 11 of the Dungeon)
 16752 | D:11     | Noticed a boulder beetle
 16767 | D:11     | Killed a boulder beetle
 16964 | D:11     | Reached skill level 15 in Air Magic
 17122 | D:12     | Found Itaokkud's Assorted Antiques.
 17130 | D:12     | Bought a scroll of enchant armour for 255 gold pieces
 17155 | D:12     | Noticed Gastronok
 17554 | D:12     | Reached skill level 1 in Fire Magic
 18220 | D:12     | You are sucked into a shaft and drop 1 floor!
 18240 | D:13     | Noticed a two-headed ogre
 18764 | D:12     | Noticed a tengu warrior
 18767 | D:12     | Killed a tengu warrior
 18768 | D:12     | Reached XP level 13. HP: 70/70 MP: 22/29
 19415 | D:13     | Found a gate to the Vaults.
 19415 | D:13     | Noticed a vault guard
 19415 | D:13     | Noticed a vault guard
 19415 | D:13     | Noticed a vault guard
 19415 | D:13     | Noticed a vault guard
 19415 | D:13     | Noticed a vault guard
 19416 | D:13     | Noticed a vault guard
 19417 | D:13     | Noticed a vault guard
 19422 | D:13     | Noticed a vault guard
 19436 | D:13     | Killed a vault guard
 19442 | D:13     | Killed a vault guard
 19443 | D:13     | Reached skill level 5 in Stealth
 19443 | D:13     | Reached skill level 16 in Air Magic
 19542 | D:14     | Killed a vault guard
 19926 | D:14     | Found Vebopn's Assorted Antiques.
 20077 | D:14     | Noticed Louise
 20178 | D:14     | Reached ***** piety under Vehumet
 20178 | D:14     | Offered knowledge of Eringya's Noxious Bog by Vehumet.
 20189 | D:14     | Learned a level 6 spell: Eringya's Noxious Bog
 20766 | D:12     | Killed a vault guard
 21005 | D:13     | Killed a vault guard
 21465 | D:13     | Killed a vault guard
 21552 | D:13     | Killed a vault guard
 21553 | D:13     | Reached skill level 17 in Air Magic
 21766 | D:13     | Killed a vault guard
 21922 | D:13     | Reached XP level 14. HP: 76/76 MP: 23/31
 22248 | D:13     | Noticed Kejsarherre's ghost (journeyman HOMo)
 22249 | D:13     | Found a large runed translucent door.
 22249 | D:13     | Found a large runed translucent door.
 22606 | D:15     | Entered Level 15 of the Dungeon
 23110 | D:15     | Reached skill level 10 in Conjurations
 23173 | D:15     | Reached skill level 5 in Fighting
 23736 | D:15     | Found Feronlan's Weapon Emporium.
 23952 | D:15     | Found a staircase to the Depths.
 23952 | D:15     | Noticed a fire giant
 24131 | D:15     | Killed a fire giant
 24364 | D:15     | Found a sparkling altar of Nemelex Xobeh.
 24631 | Lair:1   | Entered Level 1 of the Lair of Beasts
 24660 | Lair:1   | Got a crystal whip
 24661 | Lair:1   | Identified the +2 whip of Viuwni Xeer {vorpal, Str+5} (You
                  | found it on level 1 of the Lair of Beasts)
 24662 | Lair:1   | Identified the +0 whip of Evil {freeze, rC+ Int+4} (You
                  | found it on level 11 of the Dungeon)
 24706 | Lair:1   | Reached skill level 18 in Air Magic
 24813 | Lair:1   | Offered knowledge of Freezing Cloud by Vehumet.
 24823 | Lair:1   | Learned a level 6 spell: Freezing Cloud
 25344 | Lair:1   | Noticed Maggie
 25346 | Lair:1   | Killed Maggie
 25513 | Lair:1   | Learned a level 2 spell: Blink
 25921 | Lair:2   | Noticed Prince Ribbit
 26340 | Lair:2   | Noticed Sonja
 26342 | Lair:2   | Killed Sonja
 26554 | Lair:2   | Reached skill level 19 in Air Magic
 26697 | Lair:2   | Found a staircase to the Shoals.
 27256 | Lair:3   | Reached XP level 15. HP: 83/83 MP: 11/32
 27873 | Lair:2   | Killed Prince Ribbit
 27877 | Lair:2   | Reached skill level 20 in Air Magic
 28665 | Lair:4   | Found a runed translucent door.
 29044 | Lair:4   | Found a staircase to the Snake Pit.
 29902 | Lair:4   | Reached skill level 21 in Air Magic
 31335 | Lair:5   | Offered knowledge of Conjure Ball Lightning by Vehumet.
 31886 | Lair:5   | Reached skill level 22 in Air Magic
 31886 | Lair:5   | Reached XP level 16. HP: 88/88 MP: 18/33
 32389 | Lair:5   | Got a masterwork quarterstaff
 32390 | Lair:5   | Identified the +7 quarterstaff of Utoashres {elec, Int+5}
                  | (You found it on level 5 of the Lair of Beasts)
 33517 | Lair:6   | Entered Level 6 of the Lair of Beasts
 33536 | Lair:6   | Found a dark tunnel.
 33550 | Volcano  | Entered a volcano
 33780 | Volcano  | Reached skill level 23 in Air Magic
 33862 | Lair:6   | Noticed Nessos
 33870 | Lair:6   | Killed Nessos
 34091 | Lair:6   | Offered knowledge of Irradiate by Vehumet.
 34276 | Lair:6   | Identified a scroll of acquirement
 34276 | Lair:6   | Acquired 838 gold pieces
 35210 | Lair:6   | Found a viscous altar of Jiyva.
 35214 | Lair:6   | Found a staircase to the Slime Pits.
 35511 | Lair:6   | Demolished by a dire elephant

Illustrated notes

Levels and vault maps discovered:
D:1:      lemuel_arrival_muddy, layout_rooms, serial_glass, glass_columns_a,
          glass_columns_b, minmay_tiny_reverse_x
D:2:      layout_basic, chequers_ecumenical_altar_island
D:3:      layout_loops_ring, lemuel_doored_altar, gammafunk_ghost_cemetery,
          uniq_grinder
D:4:      layout_loops_ring, minmay_quadrilaterals, uniq_pikel, uniq_edmund
D:5:      layout_rooms, tgw_xom
D:6:      layout_rooms, minmay_temple_entry_glass
D:7:      layout_basic, serial_shops, shop
D:8:      layout_gridville
D:9:      layout_loops_ring, grunt_lair_entry_orc_guard_hut, basic_altar,
          serial_shops, nicolae_shop_stone, nicolae_shop_statue_plus,
          shop_fountains, nicolae_shop_statue_plus, shop
D:10:     layout_basic, erik_orc_1, uniq_snorg
D:11:     gammafunk_indiana_jones, layout_stronghold
D:12:     layout_layer_cave, serial_shops, shop, grunt_ministairs_3,
          uniq_gastronok
D:13:     layout_roguey, erik_vaults_2, ebering_ghost_disaster_area,
          serial_co_window_serial, co_window_paths_a, co_window_paths_b,
          co_window_paths_b, co_window_of_opportunity_a, co_window_paths_a,
          co_window_corner_a, co_window_paths_a, co_window_broadway_b,
          co_window_unsneaky_path_d, co_window_2corner, co_window_cross_4,
          co_window_paths_d, glass_columns_a, glass_columns_a, glass_columns_a,
          glass_columns_b
D:14:     layout_roguey, serial_shops, kennysheep_mini_moat, skrybe_limestone_x,
          uniq_louise
D:15:     grunt_enter_depths_giant_problem, layout_long_grid,
          nemelex_xobeh_ov_fountains_minmay, serial_shops, nicolae_shop_trees,
          gauntlet_entry_generic, grunt_ministairs_13
Temple:   nicolae_temple_the_god_donut
Lair:1:   layout_loops_ring, wad_woods_01, uniq_maggie
Lair:2:   dpeg_oklob_shooting_range, layout_regular_city, shoals_dummy_entry,
          grunt_megastairs_4, uniq_sonja, uniq_prince_ribbit2
Lair:3:   layout_roguey, chequers_serial_rivers_micro_e
Lair:4:   gammafunk_mikee_crab_dinner, layout_gridlike,
          minmay_snake_entry_guardpost_small, lemuel_another_geyser
Lair:5:   regret_index_tunnel_blossom, layout_cave_pods, beast_lair_carwin_8
Lair:6:   due_jungle_book, layout_long_grid, slime_altar_1,
          nicolae_volcano_entry_vermiform, lemuel_fruit_tree,
          minmay_lair_oklob_chamber, uniq_nessos

Skill      XL: |  1  2  3  4  5  6  7  8  9 10 11 12 13 14 15 16 |
---------------+-------------------------------------------------+-----
Air Magic      | 5 6 8 9 12 13 14 15 17 19 22 23 | 23.7
Conjurations   | 2 3 4 5 6 7 8 11 12 13 | 13.2
Spellcasting   | 3 4 6 8 9 10 11 12 | 12.9
Stealth        | 3 4 5 |  5.7
Dodging        | 3 7 |  7.7
Shields        | 1 2 |  2.4
Fighting       | 3 4 5 6 |  6.4
Short Blades   | 4 |  4.6
Poison Magic   | 1 2 4 |  4.0
Fire Magic     | 1 2 |  2.6
Staves         | |  0.5
Transmutations | |  0.1
Evocations     | |  0.1

Action                   |  1- 3 |  4- 6 |  7- 9 | 10-12 | 13-15 | 16-18 || total
-------------------------+-------+-------+-------+-------+-------+-------++-------
Melee: Dagger            |       |     1 |       |   167 |   501 |   165 ||   834
       Short sword       |       |       |     2 |       |       |       ||     2
       Kick              |       |       |     1 |    51 |   177 |    57 ||   286
       Peck              |       |       |       |    38 |   139 |    34 ||   211
       Staff             |       |       |       |       |    14 |       ||    14
 Cast: Shock             |    77 |    76 |   133 |   163 |    89 |     8 ||   546
       Swiftness         |       |     2 |     1 |       |       |       ||     3
       Airstrike         |       |       |    84 |   217 |   327 |   102 ||   730
       Mephitic Cloud    |       |       |       |     9 |    69 |    39 ||   117
       Ignite Poison     |       |       |       |     3 |       |    12 ||    15
       Sticky Flame      |       |       |       |    23 |    57 |     6 ||    86
       Lightning Bolt    |       |       |       |       |    31 |    14 ||    45
       Freezing Cloud    |       |       |       |       |     2 |       ||     2
       Blink             |       |       |       |       |     1 |     3 ||     4
 Abil: Fly               |       |     1 |       |       |       |       ||     1
Evoke: Phial of floods   |       |       |       |       |     1 |       ||     1
       Wand              |       |       |       |       |     1 |       ||     1
  Use: Scroll            |     1 |     6 |     9 |    14 |    11 |    10 ||    51
       Potion            |       |     1 |     1 |       |     4 |       ||     6
 Stab: Sleeping          |       |       |       |     7 |     3 |     1 ||    11
       Confused          |       |       |       |     4 |    58 |    27 ||    89
Armor: Robe              |     2 |     5 |     4 |    12 |       |       ||    23
       Troll leather arm |       |       |       |    46 |    88 |    13 ||   147
Dodge: Dodged            |     4 |    17 |    20 |   171 |   388 |    91 ||   691
Block: Buckler           |       |       |       |    67 |   179 |    57 ||   303
       Reflection        |       |       |       |       |     2 |     1 ||     3
